 Dungeon Crawl Stone Soup version 0.18.1-6-gd335043 (webtiles) character file.

41611 GodzillaBlitz the Executioner (level 14, 130/130 HPs)
             Began as a Hill Orc Gladiator on May 19, 2016.
             Was a High Priest of Okawaru.
             Drowned
             ... on level 4 of the Lair of Beasts.
             The game lasted 01:25:17 (30334 turns).

GodzillaBlitz the Executioner (Hill Orc Gladiator) Turns: 30334, Time: 01:25:18

Health: 130/130    AC: 17    Str: 24    XL:     14   Next: 16%
Magic:  20/20      EV: 12    Int: 10    God:    Okawaru [*****.]
Gold:   189        SH:  0    Dex: 15    Spells: 0 memorised, 13 levels left

rFire  . . .     SeeInvis .     L - +1 battleaxe
rCold  . . .     Gourm    .     p - +3 leather armour {rN+}
rNeg   + + .     Faith    .     (shield currently unavailable)
rPois  +         Spirit   .     C - +2 helmet
rElec  +         Dismiss  .     R - +1 cloak {rPois}
rCorr  .         Reflect  .     b - +0 pair of gloves
SustAt +         Harm     .     a - +0 pair of boots "Razxiri" {rElec Str+5 Int+2 Stlth+}
MR     +....                    K - amulet of regeneration
Stlth  ++........               G - ring "Hodaj" {SustAt +Blink rN+ Slay+3}
                                v - +2 ring of protection

@: somewhat resistant to hostile enchantments, unstealthy
A: no striking features
a: Heroism, Finesse, Renounce Religion, Evoke Blink


You were on level 4 of the Lair of Beasts.
You worshipped Okawaru.
Okawaru was extremely pleased with you.
You were not hungry.

You visited 3 branches of the dungeon, and saw 18 of its levels.

You collected 1125 gold pieces.
You spent 936 gold pieces at shops.

Inventory:

Hand Weapons
 o - a +0 dire flail
 q - a +3 whip
 t - a +2 mace of protection
 u - a cursed -1 mace
 w - the +1 hand axe "Sauguq" {drain, MR+ Str+2, unknown}
   (Okawaru gifted it to you on level 10 of the Dungeon)

   A truly terrible weapon, it drains the life of those it strikes.
   It affects your strength (+2).
   It affects your resistance to hostile enchantments.
 D - a +0 morningstar of holy wrath
 L - a +1 battleaxe (weapon)
Missiles
 d - 3 throwing nets
 r - 697 stones (quivered)
 y - 5 poisoned tomahawks
 B - 5 tomahawks of returning
 N - 72 poisoned needles
Armour
 a - the +0 pair of boots "Razxiri" (worn) {rElec Str+5 Int+2 Stlth+}
   (Okawaru gifted it to you on level 12 of the Dungeon)

   It affects your strength (+5).
   It affects your intelligence (+2).
   It insulates you from electricity.
   It makes you more stealthy.
 b - a +0 pair of gloves (worn)
 p - a +3 leather armour of positive energy (worn)
 C - a +2 helmet (worn)
 R - a +1 cloak of poison resistance (worn)
Jewellery
 h - a +3 ring of strength
 v - a +2 ring of protection (left hand)
 G - the ring "Hodaj" (right hand) {SustAt +Blink rN+ Slay+3}
   (You bought it in a shop on level 9 of the Dungeon)

   [ring of sustain attributes]

   It sustains your strength, intelligence and dexterity.
   It affects your accuracy and damage with ranged weapons and melee attacks
   (+3).
   It protects you from negative energy.
   It lets you blink.
 K - an amulet of regeneration (around neck)
 M - an uncursed ring of poison resistance
 O - the ring "Lexourep" {MR+ Str-5 Int+2 Dex+4}
   (You found it on level 1 of the Lair of Beasts)

   [ring of protection from magic]

   It affects your strength (-5).
   It affects your intelligence (+2).
   It affects your dexterity (+4).
   It affects your resistance to hostile enchantments.
 W - an uncursed amulet of guardian spirit {unknown}
Wands
 i - a wand of slowing (31/48)
Scrolls
 k - a scroll of recharging
 l - a scroll of enchant weapon
 s - 2 scrolls of magic mapping
 F - a scroll of amnesia
 S - 2 scrolls of teleportation
 T - a scroll of silence {unknown}
 V - a scroll of blinking
 Y - 7 scrolls of remove curse
Potions
 c - a potion of invisibility
 e - 2 potions of haste
 g - 2 potions of ambrosia
 m - a potion of brilliance
 n - a potion of flight
 z - 4 potions of heal wounds
 A - 5 potions of curing
 I - 2 potions of magic
 J - 2 potions of beneficial mutation
 Q - a potion of lignification
 X - 2 potions of cancellation
Miscellaneous
 Z - a fan of gales
Comestibles
 f - 6 bread rations
 E - 2 beef jerkies
 H - 7 meat rations


   Skills:
 + Level 13.8 Fighting
 + Level 22.2 Axes
 - Level 1.7 Throwing
 + Level 7.2 Armour
 - Level 2.4 Dodging
 + Level 8.7 Invocations


You had 13 spell levels left.
You didn't know any spells.

Dungeon Overview and Level Annotations

Branches:
Dungeon (13/15)            Temple (1/1) D:7            Lair (4/8) D:9
  Snake (0/4) Lair:3          Orc (0/2) D:9
  Swamp: Lair:3-6    Shoals: Lair:3-6    Vaults: D:13-14

Altars:
Ashenzari
Cheibriados
Dithmenos
Elyvilon
Fedhas
Gozag
Kikubaaqudgha
Makhleb
Nemelex Xobeh
Okawaru
Pakellas
Qazlal
Ru
Sif Muna
Vehumet
Xom
Yredelemnul
Zin
The Shining One
Beogh

Shops:
D:6 *   D:9 =   D:10 =   D:11 !

Annotations:
Lair:2 Fannar
Lair:4 exclusion: ice statue


Message History

You enter the shallow water.
Moving in this stuff is going to be slow.
Things that are here:
a river rat corpse x2
You enter the shallow water.
Moving in this stuff is going to be slow.
Partly explored, can't reach some places.
Partly explored, can't reach some places.
Drink which item? (? for menu, Esc to quit)
You feel very buoyant.
You fly up into the air.
Marking area around the ice statue as unsafe for travelling.
An electric eel and an ice statue come into view.
The ice statue gestures at you.
Found a metal-bound book and a curved smoking rod.
Careful!
You are starting to lose your buoyancy.
You float gracefully downwards.
You fall into the water!
You sink like a stone!
You drown...
You die...

#.......≈≈≈≈##
#.......≈≈≈≈≈#
......†≈≈≈≈≈≈##
........≈≈≈≈≈≈###
.........≈≈≈≈≈≈≈##
#........≈≈≈≈≈≈≈≈#
#........≈≈≈##≈≈≈##
..........≈≈###≈≈≈##
...........##
##@≈≈## ...........#
#≈≈≈≈# ...........#
##≈≈≈## ...........#
##≈≈≈# (..........#
#≈≈≈## ...........#
#≈≈≈≈# ...........#
##≈≈≈## ...........#
##≈≈≈# ...........#
#≈≈≈#


There were no monsters in sight!

Vanquished Creatures
  Rupert (D:12)
  Snorg (D:10)
  A hydra (Lair:1)
  Urug (Lair:2)
  3 unseen horrors
  2 hill giants
  A deep elf mage (D:13)
  5 ugly things
  A cyclops (D:10)
  4 centaur zombies
  A black mamba (Lair:2)
  Maurice (D:10)
  Joseph (D:9)
  7 spiny frogs
  3 komodo dragons
  An efreet (D:11)
  4 red devils (D:12)
  2 trolls
  12 blink frogs
  9 slime creatures
  A shadow (D:11)
  43 yaks
  A water elemental (D:13)
  2 vampires
  A wraith (D:12)
  A wyvern (D:10)
  2 basilisks
  8 hippogriffs
  6 hungry ghosts
  2 vampire mosquitoes (D:12)
  A soldier ant (D:10)
  9 water moccasins
  Edmund (D:4)
  2 porcupines (Lair:1)
  8 ice beasts
  13 orc warriors
  3 phantoms
  4 black bears
  An eye of draining (D:12)
  3 ogres
  6 wolves
  16 centaurs
  3 crocodiles
  6 big kobolds
  18 giant frogs
  A wyvern skeleton (D:11)
  4 scorpions
  A water moccasin skeleton (D:5)
  9 killer bees
  An electric eel (D:7)
  13 wights
  7 crimson imps
  8 hounds
  A quasit (D:5)
  A giant frog zombie (D:8)
  3 giant frog skeletons
  Crazy Yiuf (D:2)
  4 centaur skeletons
  9 orc priests
  7 jellies
  16 orc wizards
  Ijyb (D:2)
  Natasha (thrice) (D:4 D:7)
  9 iguanas
  6 worker ants
  7 hell rats (Lair:2)
  A killer bee zombie (D:7)
  6 sheep (Lair:4)
  A hound skeleton (D:5)
  2 howler monkey zombies
  2 worker ant zombies
  17 adders
  14 gnolls
  24 river rats
  2 shadow imps
  2 oozes
  2 adder skeletons (D:4)
  3 worms
  A dart slug (D:2)
  5 giant geckos
  69 orcs
  7 bats
  9 giant cockroaches
  14 goblins
  9 hobgoblins
  24 jackals
  2 quokkas
  4 ball pythons
  8 giant newts
  A jackal zombie (D:7)
  49 kobolds
  12 rats
  A bush (Lair:2)
  3 fungi
  3 plants
631 creatures vanquished.

Vanquished Creatures (others)
  An orc warrior (D:6)
  A giant frog zombie (D:7)
  A jelly (D:7)
  3 orcs
  2 kobolds (D:7)
  A quokka zombie (D:6)
  13 fungi
  13 plants
35 creatures vanquished.

Grand Total: 666 creatures vanquished

Notes
Turn   | Place    | Note
--------------------------------------------------------------
     0 | D:1      | GodzillaBlitz the Hill Orc Gladiator began the quest for the Orb.
     0 | D:1      | Reached XP level 1. HP: 18/18 MP: 1/1
   149 | D:1      | Reached XP level 2. HP: 21/25 MP: 2/2
   613 | D:1      | Reached XP level 3. HP: 27/31 MP: 3/3
   738 | D:1      | Reached skill level 5 in Axes
  1471 | D:2      | Reached XP level 4. HP: 37/38 MP: 4/4
  1834 | D:2      | Noticed Ijyb
  1864 | D:2      | Killed Ijyb
  1864 | D:2      | Reached skill level 6 in Axes
  2101 | D:1      | Reached XP level 5. HP: 15/46 MP: 5/5
  2732 | D:2      | Found an oddly glowing altar of Pakellas.
  2877 | D:2      | Found a white marble altar of Elyvilon.
  2985 | D:2      | Noticed Crazy Yiuf
  3000 | D:2      | Killed Crazy Yiuf
  3000 | D:2      | Reached skill level 7 in Axes
  3240 | D:2      | Reached XP level 6. HP: 53/53 MP: 6/6
  3700 | D:3      | Reached skill level 5 in Fighting
  4410 | D:4      | Reached skill level 8 in Axes
  4433 | D:4      | Noticed a phantom
  4448 | D:4      | Killed a phantom
  4448 | D:4      | Reached XP level 7. HP: 54/61 MP: 7/7
  4522 | D:4      | Got an ichor-stained falchion
  4559 | D:4      | Noticed Edmund
  4583 | D:4      | Killed Edmund
  4583 | D:4      | Reached skill level 9 in Axes
  4734 | D:4      | Noticed Natasha
  4740 | D:4      | Killed Natasha
  5012 | D:4      | Noticed Natasha
  5020 | D:4      | Killed Natasha
  5349 | D:4      | Found an iron altar of Okawaru.
  5354 | D:4      | Found a glowing silver altar of Zin.
  5375 | D:4      | Became a worshipper of Warmaster Okawaru
  5453 | D:5      | Entered Level 5 of the Dungeon
  5741 | D:5      | Found a shadowy altar of Dithmenos.
  5905 | D:5      | Reached skill level 10 in Axes
  5958 | D:5      | Reached XP level 8. HP: 53/71 MP: 8/8
  6218 | D:5      | Reached * piety under Okawaru
  6890 | D:5      | Found a stormy altar of Qazlal.
  6932 | D:5      | Reached skill level 11 in Axes
  7226 | D:6      | Found a radiant altar of Vehumet.
  7235 | D:6      | Found Dif Bol's Assorted Antiques.
  7728 | D:7      | Noticed Natasha
  7733 | D:7      | Killed Natasha
  7739 | D:7      | Reached skill level 12 in Axes
  7924 | D:7      | Reached XP level 9. HP: 72/81 MP: 9/9
  8537 | D:6      | Reached ** piety under Okawaru
  9125 | D:7      | Reached skill level 13 in Axes
 10339 | D:7      | Found a staircase to the Ecumenical Temple.
 10349 | Temple   | Entered the Ecumenical Temple
 10895 | D:8      | Reached skill level 14 in Axes
 10977 | D:7      | Reached *** piety under Okawaru
 11302 | D:8      | Reached XP level 10. HP: 40/92 MP: 10/10
 11850 | D:8      | Reached skill level 10 in Fighting
 12158 | D:8      | Found a sparkling altar of Nemelex Xobeh.
 12158 | D:8      | Found a blossoming altar of Fedhas.
 12159 | D:8      | Found a sacrificial altar of Ru.
 12299 | D:8      | Identified a scroll of acquirement
 12302 | D:8      | Got a shimmering executioner's axe
 12305 | D:8      | Identified the +1 executioner's axe of Plague {chop, Fragile rC+ Int+4 SInv} (You acquired it on level 8 of the Dungeon)
 12389 | D:9      | Found Giuxem's Jewellery Shop.
 12409 | D:9      | Reached skill level 15 in Axes
 12876 | D:9      | Found a staircase to the Lair.
 12931 | D:9      | Noticed Joseph
 13627 | D:9      | Found a shattered altar of Ashenzari.
 13685 | D:9      | Reached **** piety under Okawaru
 14118 | D:9      | Reached skill level 16 in Axes
 14418 | D:9      | Found a roughly hewn altar of Beogh.
 14558 | D:9      | Found a staircase to the Orcish Mines.
 14705 | D:9      | Killed Joseph
 14841 | D:9      | Noticed a hill giant
 14853 | D:9      | Killed a hill giant
 14853 | D:9      | Reached XP level 11. HP: 58/102 MP: 8/11
 15087 | D:9      | Reached skill level 17 in Axes
 15500 | D:10     | Entered Level 10 of the Dungeon
 15578 | D:10     | Found Cukk's Jewellery Boutique.
 15597 | D:10     | Received a gift from Okawaru
 15749 | D:10     | Reached ***** piety under Okawaru
 16048 | D:10     | Reached skill level 18 in Axes
 16375 | D:10     | Noticed a cyclops
 16399 | D:10     | Killed a cyclops
 16826 | D:10     | Noticed Maurice
 16833 | D:10     | Killed Maurice
 16833 | D:10     | Received a gift from Okawaru
 16942 | D:10     | Got a smoking hand axe {god gift}
 16955 | D:10     | Noticed Snorg
 16959 | D:10     | Killed Snorg
 16966 | D:10     | Reached skill level 19 in Axes
 17120 | Lair:1   | Entered Level 1 of the Lair of Beasts
 17601 | Lair:1   | Reached XP level 12. HP: 32/110 MP: 12/12
 17983 | Lair:1   | Got a wavering jade ring
 17985 | Lair:1   | Identified the ring "Lexourep" {MR+ Str-5 Int+2 Dex+4} (You found it on level 1 of the Lair of Beasts)
 18236 | Lair:1   | Noticed an eight-headed hydra
 18646 | D:11     | Reached skill level 20 in Axes
 19252 | D:11     | Received a gift from Okawaru
 19256 | D:11     | Got a pair of heavily runed boots {god gift}
 19262 | D:11     | Identified the +0 pair of boots "Pixab" {rElec} (Okawaru gifted it to you on level 11 of the Dungeon)
 19294 | D:11     | Found Pouman's Distillery.
 20671 | D:12     | Noticed Rupert
 20690 | D:12     | Killed Rupert
 21330 | D:12     | Reached skill level 21 in Axes
 21810 | D:12     | Reached XP level 13. HP: 34/118 MP: 14/16
 23265 | D:12     | Reached skill level 5 in Invocations
 23784 | D:12     | Received a gift from Okawaru
 23949 | D:12     | Got a pair of steaming boots {god gift}
 23960 | D:12     | Identified the +0 pair of boots "Razxiri" {rElec Str+5 Int+2 Stlth+} (Okawaru gifted it to you on level 12 of the Dungeon)
 24126 | D:13     | Reached skill level 5 in Armour
 24891 | D:9      | Bought the ring "Hodaj" {SustAt +Blink rN+ Slay+3} for 676 gold pieces
 24953 | D:10     | Bought an uncursed ring of poison resistance for 260 gold pieces
 26066 | Lair:2   | Noticed Urug
 26091 | Lair:2   | Killed Urug
 26261 | Lair:2   | Identified Koydu's Catalogue of Blistering Earth
 26425 | Lair:2   | Noticed Fannar
 27308 | Lair:3   | Found a staircase to the Snake Pit.
 27393 | Lair:3   | Reached skill level 22 in Axes
 28750 | Lair:3   | Reached XP level 14. HP: 110/129 MP: 19/19
 29034 | Lair:4   | Received a gift from Okawaru
 30334 | Lair:4   | Drowned

Skill      XL: |  1  2  3  4  5  6  7  8  9 10 11 12 13 14 |
---------------+-------------------------------------------+-----
Fighting       | 3 4 5 6 7 9 11 12 13 | 13.8
Axes           | 5 6 7 8 10 12 14 16 19 21 22 | 22.2
Armour         | 3 6 7 |  7.2
Invocations    | 4 7 8 |  8.7
Throwing       | |  1.7
Dodging        | |  2.4

Action                   |  1- 3 |  4- 6 |  7- 9 | 10-12 | 13-15 || total
-------------------------+-------+-------+-------+-------+-------++-------
Melee: War axe           |   151 |   268 |   522 |       |       ||   941
       Battleaxe         |       |       |    64 |    64 |   282 ||   410
       Executioner's axe |       |       |       |   649 |   158 ||   807
       Mace              |       |       |       |       |    20 ||    20
       Punch             |       |       |       |       |     2 ||     2
Throw: Throwing net      |     2 |     6 |       |       |       ||     8
       Stone             |       |     9 |    10 |     6 |    21 ||    46
Invok: Heroism           |       |       |       |     7 |     2 ||     9
       Finesse           |       |       |       |     1 |     2 ||     3
  Use: Scroll            |       |    11 |     5 |     9 |    10 ||    35
       Potion            |       |     1 |     1 |     2 |     4 ||     8
 Stab: Sleeping          |       |     2 |     1 |     2 |     4 ||     9
       Held in net/web   |       |     1 |       |       |       ||     1
       Distracted        |       |       |       |       |     2 ||     2
  Eat: Chunk             |     2 |     8 |    18 |    31 |    21 ||    80
       Royal jelly       |       |     1 |       |     1 |       ||     2
       Beef jerky        |       |       |     2 |       |       ||     2
       Pizza             |       |       |     1 |     3 |     6 ||    10
       Bread ration      |       |       |       |     1 |       ||     1
       Fruit             |       |       |       |     2 |       ||     2
Armor: Leather armour    |    17 |   102 |   259 |   218 |   151 ||   747
       Chain mail        |    94 |    44 |       |       |       ||   138
Dodge: Dodged            |    95 |   165 |   328 |   347 |   267 ||  1202
Block: Buckler           |       |       |    20 |       |       ||    20
